 Dungeon Crawl Stone Soup version 0.24.0-28-g17ded55e90 (webtiles) character file.

Game seed: 8702771592142943389, levelgen mode: deterministic

905 Delamore the Cleaver (level 8, -3/64 HPs)
             Began as a Hill Orc Fighter on Nov 11, 2019.
             Was a Believer of Okawaru.
             Slain by an orc priest
             ... wielding a +0 war axe
              (8 damage)
             ... on level 6 of the Dungeon on Nov 12, 2019.
             The game lasted 00:06:33 (4468 turns).

Delamore the Cleaver (Hill Orc Fighter)             Turns: 4468, Time: 00:06:35

Health: -3/64      AC:  8    Str: 21    XL:     8   Next: 8%
Magic:  8/8        EV:  8    Int:  8    God:    Okawaru [**....]
Gold:   180        SH: 11    Dex: 10    Spells: 7/7 levels left

rFire    . . .     SeeInvis +   a - +0 war axe
rCold    . . .     Gourm    .   c - +0 shield
rNeg     . . .     Faith    .   B - +0 ring mail {rPois}
rPois    +         Spirit   .   (no helmet)
rElec    .         Reflect  +   (no cloak)
rCorr    +         Harm     .   A - +0 pair of gloves
MR       .....                  z - +0 pair of boots
Stlth    ..........             p - +2 amulet of reflection
HPRegen  0.20/turn              e - ring of resist corrosion
MPRegen  0.11/turn              x - ring of see invisible

@: no status effects
A: no striking features
a: Heroism, Renounce Religion, Convert to Beogh


You were on level 6 of the Dungeon.
You worshipped Okawaru.
Okawaru was pleased with you.
You were not hungry.

You visited 1 branch of the dungeon, and saw 6 of its levels.

You collected 180 gold pieces.

Inventory:

Hand Weapons
 a - a +0 war axe (weapon)
Armour
 c - a +0 shield (worn)
 z - a +0 pair of boots (worn)
 A - a +0 pair of gloves (worn)
 B - a +0 ring mail of poison resistance (worn)
Jewellery
 e - a ring of resist corrosion (left hand)
 l - an uncursed amulet of harm
 o - an uncursed amulet of rage
 p - a +2 amulet of reflection (around neck)
 x - a ring of see invisible (right hand)
Wands
 s - a wand of iceblast (7)
Scrolls
 g - 4 scrolls of identify {unknown}
 h - 2 scrolls of teleportation {unknown}
 i - a scroll of amnesia {unknown}
 j - a scroll of enchant weapon {unknown}
 n - 2 scrolls of blinking {unknown}
 r - a scroll of remove curse {unknown}
 u - a scroll of immolation {unknown}
 v - a scroll of random uselessness {unknown}
 w - a scroll of fear {unknown}
 y - a scroll of noise {unknown}
Potions
 d - a potion of might
 k - a potion of curing {unknown}
 m - 3 potions of degeneration {unknown}
 q - a potion of invisibility {unknown}
 t - a potion of brilliance {unknown}
Comestibles
 b - a chunk of flesh
 f - 6 rations


   Skills:
 - Level 3.6 Fighting
 + Level 11.7 Axes
 - Level 3.2 Armour
 - Level 3.2 Shields


You had 7 spell levels left.
You didn't know any spells.
Your spell library was empty.

Dungeon Overview and Level Annotations

Branches:
Dungeon (6/15)
 Temple: D:4-7

Altars:
Cheibriados
Makhleb
Okawaru
Yredelemnul


Message History

Okawaru accepts your kill.
The orc priest hits you but does no damage.
The orc hits you but does no damage.
The orc warrior hits you with a +0 trident.
* * * LOW HITPOINT WARNING * * *
You closely miss the orc priest.
The orc priest is almost dead.
You closely miss the orc warrior.
Your shield prevents you from hitting the orc.
The orc priest threatens, "By the altar or by the axe, you will meet Beogh!"
You block the orc's attack.
The orc priest begins to cast a cantrip, but forgets the words!
You block the orc warrior's attack.
You barely miss the orc priest.
The orc priest is almost dead.
You closely miss the orc warrior.
The orc priest shouts, "Beogh is our master!
Accept the truth or die!"
You hit the orc. The orc barely misses you.
The orc priest hits you with a +0 war axe!
You die...

. ... ##. .....
#... ... ....
#..!# #.# ...
..... #.# .. #
...... #.# .###)#
......##.###......
..........o.o.#
..........[@#.#
......#..#)o..#
......#..##.#.#
##.......##.#.#
#.#..#...... #
#.#..#####.#. ....
..#.# ... ... .


You could see an orc warrior, an orc priest and an orc.

Vanquished Creatures
  Sigmund (D:3)
  An ice beast (D:5)
  3 scorpions
  A howler monkey (D:4)
  3 orc priests
  A bullfrog skeleton (D:4)
  2 orc wizards
  3 worker ants
  A hound skeleton (D:4)
  A worker ant zombie (D:2)
  9 adders
  A gnoll (D:1)
  2 oozes (D:3)
  An adder skeleton (D:4)
  2 dart slugs
  5 leopard geckos
  15 orcs
  5 giant cockroaches
  10 goblins
  8 hobgoblins
  10 kobolds
  2 quokkas
  2 ball pythons (D:1)
  6 bats
  8 frilled lizards
  5 rats
108 creatures vanquished.

Vanquished Creatures (others)
  A goblin (D:4)
1 creature vanquished.

Grand Total: 109 creatures vanquished

Notes
Turn   | Place    | Note
-------+----------+-------------------------------------------
     0 | D:1      | Delamore the Hill Orc Fighter began the quest for the Orb.
     0 | D:1      | Reached XP level 1. HP: 19/19 MP: 1/1
    33 | D:1      | Reached skill level 3 in Axes
   122 | D:1      | Reached XP level 2. HP: 19/26 MP: 2/2
   247 | D:1      | Reached skill level 4 in Axes
   387 | D:1      | Reached XP level 3. HP: 27/31 MP: 3/3
   789 | D:2      | Reached skill level 5 in Axes
   853 | D:2      | Found a burning altar of Makhleb.
   854 | D:2      | Found a basalt altar of Yredelemnul.
   882 | D:2      | Found a snail-covered altar of Cheibriados.
   883 | D:2      | Found an iron altar of Okawaru.
   891 | D:2      | Became a worshipper of Warmaster Okawaru
   904 | D:2      | Reached XP level 4. HP: 33/39 MP: 4/4
  1215 | D:2      | Reached skill level 6 in Axes
  1238 | D:2      | Reached XP level 5. HP: 35/45 MP: 5/5
  1635 | D:3      | Noticed Sigmund
  2058 | D:3      | Killed Sigmund
  2058 | D:3      | Reached * piety under Okawaru
  2058 | D:3      | Reached skill level 8 in Axes
  2058 | D:3      | Reached XP level 6. HP: 51/51 MP: 6/6
  2133 | D:3      | Reached skill level 9 in Axes
  2760 | D:4      | Reached XP level 7. HP: 29/57 MP: 7/7
  3103 | D:4      | Reached skill level 10 in Axes
  3489 | D:4      | Reached skill level 11 in Axes
  4041 | D:5      | Entered Level 5 of the Dungeon
  4089 | D:5      | Reached ** piety under Okawaru
  4089 | D:5      | Reached XP level 8. HP: 30/64 MP: 8/8
  4468 | D:6      | Slain by an orc priest

Levels and vault maps discovered:
D:1:      dpeg_arrival_prison, layout_loops_ring, minmay_tiny_reverse_x
D:2:      layout_basic, chequers_temple_overflow_statue_of_worship
D:3:      layout_rooms, uniq_sigmund
D:4:      cheibrodos_greedy_goblins, layout_gridville, minmay_misc_feat_rows,
          minmay_misc_feat_pillars, hangedman_abyss_or_decor_passed
D:5:      layout_loops_ring, serial_shops, shop, first_ration,
          evilmike_ruin_ashenzari
D:6:      layout_loops_cross, serial_shops, nicolae_shop_behind_doors

Skill      XL: |  1  2  3  4  5  6  7 |
---------------+----------------------+-----
Axes           | 3 4 5 6 8 9 11 | 11.7
Fighting       | |  3.6
Armour         | |  3.2
Shields        | |  3.2

Action                   |  1- 3 |  4- 6 |  7- 9 || total
-------------------------+-------+-------+-------++-------
Melee: War axe           |    86 |   139 |   148 ||   373
 Abil: Evoke Berserk Rag |       |     1 |       ||     1
  Use: Potion            |       |     1 |       ||     1
  Eat: Chunk             |       |     6 |     6 ||    12
Armor: Scale mail        |    31 |    79 |    30 ||   140
       Ring mail         |       |       |     8 ||     8
Dodge: Dodged            |    27 |    51 |    35 ||   113
Block: Shield            |    42 |    65 |    90 ||   197
       Reflection        |       |       |     5 ||     5
